 Dungeon Crawl Stone Soup version 0.19-a0-291-ga637243 (webtiles) character file.

945 mistymad the Covered (level 8, 0/51 HPs)
             Began as a Gargoyle Fighter on May 27, 2016.
             Slain by an unseen horror (1 damage)
             ... on level 6 of the Dungeon.
             The game lasted 00:11:38 (5176 turns).

mistymad the Covered (Gargoyle Fighter)             Turns: 5176, Time: 00:11:39

Health: 0/51       AC: 15    Str: 21    XL:     8   Next: 13%
Magic:  8/8        EV:  8    Int: 13    God:
Gold:   378        SH: 10    Dex:  8    Spells: 0 memorised, 7 levels left

rFire  . . .     SeeInvis .     w - +2 morningstar (holy)
rCold  . . .     Gourm    .     b - +0 scale mail
rNeg   + . .     Faith    .     c - +0 shield
rPois  ∞         Spirit   .     (no helmet)
rElec  +         Dismiss  .     u - +1 cloak {MR+}
rCorr  .         Reflect  .     (no gloves)
SustAt .         Harm     .     (no boots)
MR     +....                    (no amulet)
Stlth  ..........               q - +4 ring of intelligence
                                e - -2 ring of dexterity (curse)

@: somewhat resistant to hostile enchantments, extremely unstealthy
A: negative energy resistance 1, electricity resistance, unbreathing,
petrification resistance, rot immunity, AC +5
a: no special abilities


You were on level 6 of the Dungeon.
You were not hungry.

You visited 1 branch of the dungeon, and saw 6 of its levels.

You collected 378 gold pieces.

Inventory:

Hand Weapons
 w - a +2 morningstar of holy wrath (weapon)
Armour
 b - a +0 scale mail (worn)
 c - a +0 shield (worn)
 u - a +1 cloak of magic resistance (worn)
Jewellery
 e - a cursed -2 ring of dexterity (left hand)
 m - an uncursed ring of protection from magic {unknown}
 q - a +4 ring of intelligence (right hand)
 x - a cursed amulet of inaccuracy {unknown}
Scrolls
 h - 4 scrolls of remove curse {unknown}
 i - 2 scrolls of noise {unknown}
 j - a scroll of enchant weapon {unknown}
 k - a scroll of enchant armour {unknown}
 r - 2 scrolls of amnesia {unknown}
 s - 3 scrolls of teleportation {unknown}
 v - 2 scrolls of identify {unknown}
 y - 2 scrolls of magic mapping {unknown}
 C - a scroll of recharging {unknown}
 D - a scroll of fog {unknown}
 G - a scroll of fear {unknown}
Potions
 a - a potion of flight {unknown}
 d - a potion of might
 g - 3 potions of cure mutation {unknown}
 n - a potion of beneficial mutation {unknown}
 o - 3 potions of agility {unknown}
 p - a potion of invisibility {unknown}
 z - a potion of haste {unknown}
 A - a potion of brilliance {unknown}
 B - a potion of degeneration {unknown}
 E - a potion of lignification {unknown}
Comestibles
 f - 5 bread rations
 l - 5 fruits
 t - a meat ration


   Skills:
 + Level 5.8 Fighting
 + Level 4.8 Maces & Flails
 + Level 6.0 Armour
 + Level 5.9 Shields


You had 7 spell levels left.
You didn't know any spells.

Dungeon Overview and Level Annotations

Branches:
Dungeon (6/15)
 Temple: D:4-7

Altars:
Elyvilon
Makhleb
Nemelex Xobeh
Trog
Vehumet
Xom

Shops:
D:4 }


Innate Abilities, Weirdness & Mutations

You are resistant to torment.
Your stone body is resilient (AC +5).
You are immune to poison.
You resist negative energy. (rN+)
You are resistant to electric shocks. (rElec)
You can survive without breathing.
You are immune to petrification.
You are immune to rotting.


Message History

* * * LOW HITPOINT WARNING * * *
You take 2 damage, and have 10/51 hp.
You thump something! You block something's attack.
You miss something. Something hits you but does no damage.
Your shield prevents you from hitting something.
Something hits you.
* * * LOW HITPOINT WARNING * * *
Something hits you but does no damage. x2; Something hits you.
* * * LOW HITPOINT WARNING * * *
You closely miss something.
Something hits you but does no damage. x2
You miss something. Something hits you but does no damage.
You thump something! Something hits you but does no damage.
You take 8 damage, and have 3/51 hp.
Something hits you.
* * * LOW HITPOINT WARNING * * *
Something hits you but does no damage. Something hits you.
* * * LOW HITPOINT WARNING * * *
Something hits you.
You die...

#.#....................#
..........#.#.##.##....#
#.#.##....#.............
#.........#.#...........
#<..##.#..#.............
#...##.#....#.##.#######
#...##.#..#.#.##.#
#..............#.#####
................@....#
#...........#..#.#####
#..##.##....#..#.# ##.#
.# ....#. #.# #. #.# .
... .. #.# ... ...


There were no monsters in sight!

Vanquished Creatures
  An orc warrior (D:4)
  2 centaurs (D:5)
  An ogre (D:4)
  A crimson imp (D:5)
  4 orc wizards
  An orc priest (D:5)
  2 hounds
  An iguana (D:4)
  A statue (D:5)
  4 worker ants
  2 worker ant zombies (D:5)
  6 adders
  A shadow imp (D:5)
  An ooze (D:5)
  An adder skeleton (D:5)
  3 worms
  A dart slug (D:1)
  4 giant geckos
  18 orcs
  2 ball pythons
  5 giant cockroaches
  7 goblins
  7 hobgoblins
  18 jackals
  4 quokkas
  15 bats
  A giant cockroach zombie (D:5)
  A jackal zombie (D:5)
  8 kobolds
  A quokka zombie (D:5)
  2 rats
  A fungus (D:5)
127 creatures vanquished.

Notes
Turn   | Place    | Note
--------------------------------------------------------------
     0 | D:1      | mistymad the Gargoyle Fighter began the quest for the Orb.
     0 | D:1      | Reached XP level 1. HP: 14/14 MP: 1/1
   328 | D:1      | Reached XP level 2. HP: 14/19 MP: 2/2
  1156 | D:2      | Reached XP level 3. HP: 18/24 MP: 3/3
  1380 | D:2      | Found a burning altar of Makhleb.
  1401 | D:2      | Reached XP level 4. HP: 21/29 MP: 4/4
  1439 | D:2      | Reached skill level 4 in Armour
  1941 | D:3      | Reached XP level 5. HP: 24/34 MP: 5/5
  2403 | D:3      | Found a white marble altar of Elyvilon.
  2457 | D:3      | Found a bloodstained altar of Trog.
  2784 | D:4      | Found Mino's Gadget Shoppe.
  2795 | D:4      | Noticed an orc warrior
  2820 | D:4      | Killed an orc warrior
  2820 | D:4      | Reached XP level 6. HP: 31/40 MP: 6/6
  2851 | D:4      | Reached skill level 5 in Fighting
  2851 | D:4      | Reached skill level 5 in Armour
  2851 | D:4      | Reached skill level 5 in Shields
  3372 | D:4      | Reached XP level 7. HP: 38/44 MP: 7/7
  3411 | D:4      | Found a sparkling altar of Nemelex Xobeh.
  3639 | D:5      | Entered Level 5 of the Dungeon
  4068 | D:5      | Found a shimmering altar of Xom.
  4292 | D:5      | Found a radiant altar of Vehumet.
  4921 | D:5      | Reached XP level 8. HP: 41/51 MP: 8/8
  4982 | D:5      | Reached skill level 6 in Armour
  5175 | D:6      | HP: 1/51 [something (2)]
  5176 | D:6      | Slain by an unseen horror

Vault maps used:
D:1:      minmay_arrival_doors, serial_bayou_pond_d, minmay_liquid_box
D:2:      makhleb_blood_cavern_becter, minmay_misc_feat_enclosed
D:3:      nicolae_overflow_crystal_walls, bloody_trog, first_bread
D:4:      serial_shops, shop_fountains, nemelex_deck
D:5:      vehumet_statue, grunt_ministairs_11, minmay_gold_behind_fungi, tgw_xom

Skill      XL: |  1  2  3  4  5  6  7  8 |
---------------+-------------------------+-----
Fighting       | 4 5 |  5.8
Armour         | 4 5 6 |  6.0
Shields        | 4 5 |  5.9
Maces & Flails | 3 4 |  4.8

Action                   |  1- 3 |  4- 6 |  7- 9 || total
-------------------------+-------+-------+-------++-------
Melee: Flail             |   116 |    82 |       ||   198
       Morningstar       |       |   175 |   135 ||   310
  Eat: Chunk             |     2 |     7 |     6 ||    15
Armor: Scale mail        |    89 |   140 |   106 ||   335
Dodge: Dodged            |    61 |    67 |    36 ||   164
Block: Shield            |    94 |   138 |    82 ||   314
